 Dungeon Crawl Stone Soup version 0.30.0-5-g1a98f26d00 (webtiles) character file.

Game seed: 2286070390528101991

220 Dordric the Grasshopper (level 5, -1/39 HPs)
             Began as a Barachi Warper on May 12, 2023.
             Succumbed to an adder's poison
             ... on level 3 of the Dungeon.
             The game lasted 00:04:42 (3284 turns).

Dordric the Grasshopper (Barachi Warper)            Turns: 3284, Time: 00:04:43

Health: -1/39      AC:  3    Str: 13    XL:     5   Next: 97%
Magic:  8/8        EV: 12    Int: 13    God:
Gold:   204        SH:  0    Dex: 13    Spells: 2/8 levels left

rFire   . . .        t - +0 short sword (venom)
rCold   . . .        (no shield)
rNeg    + . .        s - +1 robe "Yrgheicre" {rElec rN+}
rPois   .            (no helmet)
rElec   +            (no cloak)
rCorr   .            (no gloves)
SInv    .            (no boots)
Will    .....        (no amulet)
Stlth   +            (no ring)
HPRegen 0.26/turn    (no ring)
MPRegen 0.11/turn

%: no passive effects
@: lethally poisoned (-1 -> -6), slow
A: amphibious, slowness 1, strong legs 1, +LOS
a: Hop


You were on level 3 of the Dungeon.
You visited 1 branch of the dungeon, and saw 4 of its levels.

You collected 204 gold pieces.

Inventory:

Hand Weapons
 a - a +0 falchion
 t - a +0 short sword of venom (weapon)
Missiles
 d - 7 boomerangs of dispersal (quivered)
 m - 4 boomerangs
Armour
 b - a +0 leather armour
 s - the +1 robe "Yrgheicre" (worn) {rElec rN+}
   (You found it on level 3 of the Dungeon)

   rElec:     It insulates you from electricity.
   rN:        It protects you from negative energy.
Wands
 l - a wand of charming (1)
 q - a wand of digging (7)
Scrolls
 c - a scroll of blinking
 e - 2 scrolls of fog {unknown}
 f - 2 scrolls of poison {unknown}
 h - a scroll of amnesia {unknown}
 i - a scroll of fear {unknown}
 k - 2 scrolls of immolation {unknown}
 p - a scroll of silence {unknown}
 r - 2 scrolls of identify {unknown}
Potions
 g - a potion of mutation {unknown}
 n - a potion of heal wounds {unknown}
 o - a potion of brilliance {unknown}
 u - a potion of flight {unknown}


   Skills:
 - Level 2.4 Fighting
 + Level 5.3 Long Blades
 - Level 1.0 Throwing
 - Level 1.2 Armour
 - Level 2.1 Dodging
 - Level 2.1 Spellcasting
 + Level 5.5 Translocations


You had 2 spell levels left.
You knew the following spells:

 Your Spells              Type           Power      Damage    Failure   Level
a - Blink                 Tloc           30%        N/A       4%          2
b - Manifold Assault      Tloc           15%        N/A       26%         4

Your spell library contained the following spells:

 Spells                   Type           Power      Damage    Failure   Level
 Lesser Beckoning         Tloc           30%        N/A       4%          2
 Teleport Other           Tloc           15%        N/A       8%          3
 Vhi's Electric Charge    Tloc/Air       16%        N/A       24%         3
 Passage of Golubria      Tloc           15%        N/A       26%         4
 Tukima's Dance           Hex            1%         N/A       58%         3
 Yara's Violent Unravell  Hex/Tmut       0%         3d3       100%        5
 Storm Form               Tmut/Air       0%         N/A       100%        7


Dungeon Overview and Level Annotations

Branches:
Dungeon (4/15)
 Temple: D:4-7

Altars:
Fedhas


Innate Abilities, Weirdness & Mutations

You are amphibious.
You cover ground slowly.
You can hop short distances.
You have an extended range of vision and can be seen from far away.


Message History

You kill the ufetubus!
The adder misses you.
There is a stone staircase leading up here.
The adder bites you but does no damage.
You climb upwards.
There is a stone staircase leading down here.
Aiming: Charm
Press: ? - help, Shift-Dir - straight line, f - adder
Aim: an adder (chance to affect: 57%)
The adder resists with significant effort.
The adder bites you.
* * * LOW HITPOINT WARNING * * *
Aiming: Charm
Press: ? - help, Shift-Dir - straight line, f/p - adder
Aim: an adder (chance to affect: 57%)
The adder resists with significant effort.
The adder misses you. The adder closely misses you.
Aiming: Charm
Press: ? - help, Shift-Dir - straight line, f/p - adder
Aim: an adder (chance to affect: 57%)
The adder resists with significant effort.
The adder bites you but does no damage.
Aiming: Charm
Press: ? - help, Shift-Dir - straight line, f/p - adder
Aim: an adder (chance to affect: 57%)
The adder resists with significant effort.
The adder bites you but does no damage.
You closely miss the adder. The adder bites you.
* * * LOW HITPOINT WARNING * * *
You closely miss the adder. The adder closely misses you. The adder bites you.
* * * LOW HITPOINT WARNING * * *
You completely miss the adder. The adder bites you.
* * * LOW HITPOINT WARNING * * *
You hit the adder.
The adder is lightly wounded.
The adder bites you.
* * * LOW HITPOINT WARNING * * *
You are lethally poisoned!
The adder poisons you!
You die...

#>#...######
#..).......#
###....###.#
##.#.###.#######
#.............#
#)#.###.#####.#
# #.#.# #.# #S#
# #.#.# #.# #>#
# #.#.###.# #@#
# #.......# #.#
#
#...#.#######.##
#
#.(............#
#
#..............#
#
##.##.########.#
# #>##.# #.#
#####.##.# #.#
##....##.# #.#


You could see an adder.

Vanquished Creatures
  A scorpion (D:4)
  Jessica (D:2)
  A gnoll (D:2)
  4 adders
  An ufetubus (D:4)
  A worm (D:3)
  2 dart slugs
  An orc (D:3)
  6 bats
  5 endoplasms
  4 giant cockroaches
  7 hobgoblins
  6 jackals (D:1)
  3 kobolds
  3 quokkas
  9 ball pythons
  A frilled lizard (D:3)
  7 goblins
  2 rats
65 creatures vanquished.

Vanquished Creatures (others)
  A gnoll (D:1)
1 creature vanquished.

Grand Total: 66 creatures vanquished

Notes
Turn   | Place    | Note
-------+----------+-------------------------------------------
     0 | D:1      | Dordric the Barachi Warper began the quest for the Orb.
     0 | D:1      | Reached XP level 1. HP: 17/17 MP: 3/3
   118 | D:1      | Reached XP level 2. HP: 23/23 MP: 5/5
   201 | D:1      | Learned a level 2 spell: Blink
   384 | D:1      | Reached XP level 3. HP: 27/28 MP: 6/6
   946 | D:2      | Reached XP level 4. HP: 34/34 MP: 7/7
  1466 | D:2      | Noticed Jessica
  1484 | D:2      | Killed Jessica
  1551 | D:2      | Found a faded altar of an unknown god.
  1763 | D:2      | Reached XP level 5. HP: 15/39 MP: 8/8
  2008 | D:2      | Found a blossoming altar of Fedhas.
  2183 | D:3      | Identified the +1 robe "Yrgheicre" {rElec rN+}
  2348 | D:3      | Reached skill level 5 in Translocations
  2494 | D:3      | Learned a level 4 spell: Manifold Assault
  3266 | D:4      | Reached skill level 5 in Long Blades
  3271 | D:4      | HP: 1/39 [adder (2)]
  3283 | D:3      | HP: 1/39 [adder (3)]
  3284 | D:3      | Succumbed to an adder's poison

Illustrated notes

Levels and vault maps discovered:
D:1:      dpeg_arrival_tiny_c, layout_basic, serial_glass, glass_columns_a,
          glass_columns_b, minmay_tripent
D:2:      layout_loops_ring, basic_altar, shapermc_ecumenical_altar_ellora,
          nicolae_concentric_dashed_squares_wild, minmay_increasing_density,
          uniq_jessica
D:3:      mumra_celtic_spiral_tile, layout_loops_ring, chequers_hall_statues_y
D:4:      layout_rooms, lemuel_tele_altar, minmay_pentangle,
          uniq_crazy_yiuf_cottage

Skill      XL: |  1  2  3  4  5 |
---------------+----------------+-----
Long Blades    | 3 4 5 |  5.3
Translocations | 4 5 |  5.5
Fighting       | |  2.4
Throwing       | |  1.0
Armour         | |  1.2
Dodging        | |  2.1
Spellcasting   | |  2.1

Action                     |  1- 3 |  4- 6 || total
---------------------------+-------+-------++-------
  Melee: Falchion          |   121 |    96 ||   217
         Punch             |     1 |     3 ||     4
         Short sword       |       |    52 ||    52
   Cast: Blink             |       |     6 ||     6
Ability: Hop               |       |     2 ||     2
  Evoke: Wand              |       |     8 ||     8
    Use: Potion            |       |     3 ||     3
 Armour: Leather armour    |    57 |    18 ||    75
         Robe              |       |    25 ||    25
  Dodge: Dodged            |    94 |   102 ||   196
